 Dungeon Crawl Stone Soup version 0.30-a0-859-gf88a04b62d (webtiles) character file.

Game seed: 14555828543478751642

107937 retardedninja the Severer (level 16, -3/157 HPs)
             Began as a Hill Orc Fighter on Mar 6, 2023.
             Was an Initiate of Gozag.
             Killed by an exploding bloated husk (34 damage)
             ... on level 1 of the Swamp.
             The game lasted 01:12:40 (32109 turns).

retardedninja the Severer (Hill Orc Fighter)       Turns: 32109, Time: 01:12:49

Health: -3/157     AC: 18    Str: 30    XL:     16   Next: 48%
Magic:  16/16      EV: 13    Int: 11    God:    Gozag
Gold:   4389       SH:  8    Dex: 10    Spells: 15/15 levels left

rFire   . . .      SeeInvis .    G - +3 broad axe
rCold   . . .      Faith    .    c - +0 buckler
rNeg    + + +      Spirit   .    r - +2 plate armour {rN+}
rPois   +          Reflect  .    b - +0 helmet
rElec   .          Rampage  +    j - +1 cloak {rCorr}
rCorr   +                        g - +1 pair of gloves "Ugeer" {Will+ Str+3 Int+3 Stlth-}
Will    ++...                    p - +2 pair of boots {rampage} Stlth
                                 f - amulet of regeneration
HPRegen 1.26/turn                a - ring of the Swan {rPois rC- rN+++ rCorr EV+5}
MPRegen 0.15/turn                e - ring of protection from cold

@: corroded, gold aura, on berserk cooldown, slowed, very slow
A: no striking features
a: Renounce Religion, Potion Petition, Call Merchant, Bribe Branch


You were on level 1 of the Swamp.
You worshipped Gozag.
Gozag was most pleased with you.
You visited 5 branches of the dungeon, and saw 24 of its levels.
You visited the Abyss 1 time.
You also visited: Sewer.

You collected 8994 gold pieces.
You spent 2674 gold pieces at shops.
You paid 1931 gold pieces to Gozag.

Inventory:

Hand Weapons
 G - a +3 broad axe (weapon)
Missiles
 D - 4 javelins (quivered)
Armour
 b - a +0 helmet (worn)
 c - a +0 buckler (worn)
 g - the +1 pair of gloves "Ugeer" (worn) {Will+ Str+3 Int+3 Stlth-}
   (You acquired it on level 5 of the Lair of Beasts)

   Str:       It affects your strength (+3).
   Int:       It affects your intelligence (+3).
   Will:      It increases your willpower.
   Stlth:     It makes you less stealthy.
 j - a +1 cloak of preservation (worn)
 p - a +2 pair of boots of rampaging (worn)
 r - a +2 plate armour of positive energy (worn)
Jewellery
 a - the ring of the Swan (left hand) {rPois rC- rN+++ rCorr EV+5}
   (You found it on level 3 of the Lair of Beasts)

   [ring of evasion]

   EV:        It affects your evasion (+5).
   rC:        It makes you vulnerable to cold.
   rPois:     It protects you from poison.
   rN:        It renders you almost immune to negative energy.
   rCorr:     It protects you from acid and corrosion.
 e - a ring of protection from cold (right hand)
 f - an amulet of regeneration (around neck)
 v - an amulet of regeneration
Wands
 q - a wand of polymorph (19)
 x - a wand of paralysis (5)
 y - a wand of mindburst (1)
 C - a wand of flame (12)
 F - a wand of digging (4)
Scrolls
 m - 2 scrolls of magic mapping
 s - 6 scrolls of poison
 t - 2 scrolls of vulnerability
 u - 9 scrolls of identify
 B - 3 scrolls of torment
Potions
 d - 3 potions of flight
 h - 4 potions of mutation
 i - 3 potions of resistance
 k - 12 potions of curing
 l - a potion of lignification
 o - 2 potions of cancellation
 w - 5 potions of magic
 z - 3 potions of brilliance
 H - 2 potions of heal wounds
Miscellaneous
 E - a phantom mirror (inert)
 I - a box of beasts (inert)


   Skills:
 + Level 17.7 Fighting
 + Level 18.9 Axes
 + Level 16.3 Armour
 + Level 16.3 Shields


You had 15 spell levels left.
You didn't know any spells.
Your spell library contained the following spells:

 Spells                   Type           Power      Damage    Failure   Level
 Beastly Appendage        Tmut           0%         N/A       90%         1
 Foxfire                  Conj/Fire      0%         2x1d4     90%         1
 Freeze                   Ice            0%         1d3       90%         1
 Magic Dart               Conj           0%         1d3       90%         1
 Slow                     Hex            0%         N/A       90%         1
 Sting                    Tmut/Pois      0%         1d3       90%         1
 Blink                    Tloc           0%         N/A       97%         2
 Call Imp                 Summ           0%         N/A       97%         2
 Lesser Beckoning         Tloc           0%         N/A       97%         2
 Momentum Strike          Conj/Tloc      0%         3d8       97%         2
 Poisonous Vapours        Pois/Air       0%         N/A       97%         2
 Static Discharge         Conj/Air       0%         2-2/arc   97%         2
 Wereblood                Tmut           0%         N/A       97%         2
 Confusing Touch          Hex            0%         N/A       99%         3
 Frozen Ramparts          Ice            0%         1d1       99%         3
 Hailstorm                Conj/Ice       0%         3d3       99%         3
 Inner Flame              Hex/Fire       0%         N/A       99%         3
 Mephitic Cloud           Conj/Pois/Air  0%         N/A       99%         3
 Ozocubu's Armour         Ice            0%         N/A       99%         3
 Spider Form              Tmut/Pois      0%         N/A       99%         3
 Vampiric Draining        Necr           0%         2d6       99%         3
 Vhi's Electric Charge    Tloc/Air       0%         N/A       99%         3
 Cause Fear               Hex            0%         N/A       100%        4
 Ice Form                 Ice/Tmut       0%         N/A       100%        4
 Manifold Assault         Tloc           0%         N/A       100%        4
 Olgreb's Toxic Radiance  Pois           0%         N/A       100%        4
 Summon Ice Beast         Ice/Summ       0%         N/A       100%        4
 Alistair's Intoxication  Tmut/Pois      0%         N/A       100%        5
 Arcjolt                  Conj/Air       0%         1d10      100%        5
 Borgnjor's Vile Clutch   Necr/Erth      0%         N/A       100%        5
 Fireball                 Conj/Fire      0%         3d3       100%        5
 Lightning Bolt           Conj/Air       0%         1d11      100%        5
 Metabolic Englaciation   Hex/Ice        0%         N/A       100%        5
 Summon Forest            Summ/Tloc      0%         N/A       100%        5
 Summon Mana Viper        Hex/Summ       0%         N/A       100%        5
 Eringya's Noxious Bog    Tmut/Pois      0%         N/A       100%        6
 Starburst                Conj/Fire      0%         6d3       100%        6
 Summon Cactus Giant      Summ           0%         N/A       100%        6
 Monstrous Menagerie      Summ           0%         N/A       100%        7
 Storm Form               Tmut/Air       0%         N/A       100%        7
 Discord                  Hex            0%         N/A       100%        8
 Simulacrum               Ice/Necr       Unusable   N/A       N/A         6

Dungeon Overview and Level Annotations

Branches:
Dungeon (15/15)            Temple (1/1) D:6            Lair (5/5) D:11
  Swamp (1/4) Lair:2       Spider (0/4) Lair:3        Slime (0/5) Lair:4
    Orc (2/2) D:12            Elf (0/3) Orc:2        Vaults (0/5) D:13
 Depths (0/4) D:15          Sewer (visited)

Altars:
Ashenzari
Cheibriados
Dithmenos
Elyvilon
Fedhas
Gozag
Hepliaklqana
Kikubaaqudgha
Makhleb
Nemelex Xobeh
Okawaru
Qazlal
Ru
Sif Muna
Trog
Uskayaw
Vehumet
Wu Jian
Xom
Yredelemnul
Zin
The Shining One
Beogh
Jiyva

Shops:
D:3 [   Orc:1 :   Orc:2 =(*[   Lair:2 [

Annotations:
Swamp:1 Roxanne


Message History

You feel yourself slow down.
You enter the shallow water.
Moving in this stuff is going to be slow.
The goliath frog hits you from afar!
You are splashed with acid.
You resist. The goliath frog hits you from afar. The acid corrodes you!
You are splashed with acid.
You resist.
You rampage towards the goliath frog!
Your unstable footing causes you to fumble your attack.
The goliath frog hits you but does no damage.
The goliath frog barely misses you.
Your unstable footing causes you to fumble your attack.
You block the goliath frog's attack.
Your unstable footing causes you to fumble your attack.
The goliath frog hits you! The acid corrodes you!
You are splashed with acid.
You resist.
Your unstable footing causes you to fumble your attack.
The goliath frog closely misses you.
You closely miss the goliath frog. You block the goliath frog's attack.
A bloated husk comes into view.
The goliath frog hits you!
You are splashed with acid.
You resist.
You miss the goliath frog. The goliath frog hits you!
* * * LOW HITPOINT WARNING * * *
You are splashed with acid.
You resist.
* * * LOW HITPOINT WARNING * * *
You feel much better. The goliath frog hits you!
You are splashed with acid.
You resist.
* * * LOW HITPOINT WARNING * * *
You block the goliath frog's attack.
You feel better. The goliath frog hits you!
* * * LOW HITPOINT WARNING * * *
The acid corrodes you!
You are splashed with acid.
You resist.
* * * LOW HITPOINT WARNING * * *
The goliath frog hits you from afar.
* * * LOW HITPOINT WARNING * * *
You are splashed with acid.
You resist.
* * * LOW HITPOINT WARNING * * *
The bloated husk explodes!
The blast of putrescent gases engulfs you!!
You die...
Your body crumbles into a pile of gold.

..~..♣♣♣.~~..~~~.....~~~~~~,~*
*♣~~....~~~~.........~~~.,,***
♣♣...♣♣~~~~~.~♣♣~~~~~...,**
♣♣♣♣..♣♣♣~~~~.♣♣♣~~~~....,*
♣≈≈≈~..♣♣♣~~~.♣♣♣>~§~.~♣*~*
≈≈≈≈≈♣..♣♣♣~.♣♣♣..~~~.~♣*~*
≈≈≈≈≈≈≈...♣♣♣♣~.~~~~~...~,*
≈.≈.≈≈≈~...♣...$~~~~~..§~,*
....♣≈≈....♣....@~~~..^.,**
.....≈≈≈~..~.~$$~~~§...♣**
.⌠..♣≈≈≈♣..~~~..F$......,***
....≈≈≈≈..♣♣~..♣~..~♣...~~,*
....≈≈≈≈..♣♣♣♣♣♣~..♣♣♣♣♣*,,*
♣~≈♣≈≈≈...♣ ♣♣§.♣ **~*
~≈≈≈≈≈≈..♣♣ **..♣ ***
~~≈≈≈♣...* ***,..♣ *~~≈≈..♣♣*
***,*,.♣♣


You could see a goliath frog.

Vanquished Creatures
  Nikola (Swamp:1)
  Rupert (D:12)
  A tentacled starspawn (Abyss:1)
  An orc warlord (Orc:2)
  A quicksilver ooze (shapeshifter) (D:9)
  A war gargoyle (D:14)
  A broodmother (Lair:5)
  A bunyip (Lair:2)
  A dire elephant (D:15)
  6 hydras
  An ogre mage (D:15)
  8 centaur warriors
  2 catoblepae
  4 boulder beetles
  8 two-headed ogres
  A death knight (D:15)
  17 death yaks
  3 orc high priests
  A skyshark (shapeshifter) (D:13)
  Urug (D:15)
  2 skysharks
  A goliath frog (Swamp:1)
  A swamp dragon (Lair:5)
  A phantasmal warrior (D:15)
  3 lindwurms
  4 orc knights
  3 deep elf pyromancers
  5 ugly things
  4 cyclopes
  4 orc sorcerers
  A mana viper (shapeshifter) (D:15)
  A wolf spider (D:15)
  4 manticores
  8 black mambas
  12 elephants
  Maurice (D:11)
  A molten gargoyle (Lair:4)
  7 cane toads
  9 gargoyles (D:14)
  Maggie (Lair:1)
  Joseph (D:8)
  2 torpor snails
  3 unseen horrors
  Psyche (D:8)
  5 yaktaurs (D:15)
  A kobold demonologist (D:8)
  6 komodo dragons
  9 rime drakes
  2 freezing wraiths
  An ancient zyme (Abyss:1)
  A burning bush (Lair:1)
  A polar bear (Lair:1)
  4 tyrant leeches
  A large abomination (Abyss:1)
  A troll (D:9)
  A hornet (Swamp:1)
  6 blink frogs
  8 dream sheep
  21 slime creatures
  3 shadows
  2 spriggans
  7 wraiths
  7 wyverns
  16 humans
  5 basilisks
  32 yaks
  4 vampire mosquitoes
  Grum (D:11)
  Menkaure (D:6)
  A golden eye (D:7)
  A steam dragon (D:9)
  3 acid dragons
  4 wargs
  3 swamp worms (Swamp:1)
  13 water moccasins
  31 orc warriors
  Pargi (Sewer)
  An ice beast (D:7)
  2 black bears
  8 ogres
  11 wolves
  A phantom (D:7)
  9 centaurs
  12 kobold brigands
  A gnoll sergeant (D:9)
  9 bullfrogs
  5 scorpions
  9 wights
  7 killer bees
  11 electric eels
  6 howler monkeys
  A crimson imp (D:6)
  6 lava snakes (Lair:4)
  A gnoll bouda (D:9)
  A jelly (D:8)
  3 hounds
  A sleepcap (D:7)
  21 orc priests
  Natasha (thrice) (D:2)
  Terence (D:1)
  5 iguanas
  25 orc wizards
  4 hell rats
  4 gnolls
  6 adders
  2 river rats
  A white imp (D:6)
  3 ufetubi
  A worm (D:4)
  4 dart slugs
  99 orcs
  8 bats
  7 endoplasms
  7 giant cockroaches
  8 goblins
  7 hobgoblins
  2 jackals (D:4)
  45 kobolds
  6 quokkas
  4 ball pythons
  5 frilled lizards
  8 rats
735 creatures vanquished.

Vanquished Creatures (collateral kills)
  2 death yaks (D:11)
2 creatures vanquished.

Vanquished Creatures (others)
  2 bloated husks (Swamp:1)
  An orc warrior (Orc:2)
  2 orc wizards (Orc:2)
  2 gnolls (D:9)
  2 demonic plants (D:1)
  11 fungi
  32 plants
  4 starspawn tentacles (Abyss:1)
  A withered plant (D:1)
57 creatures vanquished.

Grand Total: 794 creatures vanquished

Notes
Turn   | Place    | Note
-------+----------+-------------------------------------------
     0 | D:1      | retardedninja the Hill Orc Fighter began the quest for the
                  | Orb.
     0 | D:1      | Reached XP level 1. HP: 19/19 MP: 1/1
   204 | D:1      | Found a faded altar of an unknown god.
   272 | D:1      | Reached XP level 2. HP: 27/27 MP: 2/2
   292 | D:1      | Reached skill level 3 in Axes
   688 | D:1      | Reached XP level 3. HP: 33/33 MP: 3/3
   858 | D:2      | Noticed Terence
   996 | D:1      | Killed Terence
   997 | D:1      | Reached XP level 4. HP: 31/41 MP: 4/4
  1522 | D:2      | Noticed Natasha
  1526 | D:2      | Killed Natasha
  1527 | D:2      | Reached skill level 4 in Axes
  1532 | D:2      | Reached XP level 5. HP: 47/47 MP: 5/5
  1554 | D:2      | Noticed Natasha
  1559 | D:2      | Killed Natasha
  1561 | D:2      | Noticed Natasha
  1567 | D:2      | Killed Natasha
  1627 | D:2      | You fall into a shaft and drop 1 floor!
  1723 | D:3      | Found Qinwuquy's Antique Armour Emporium.
  1826 | D:3      | Found a glowing drain.
  1854 | Sewer    | Entered a sewer
  1891 | Sewer    | Noticed Pargi
  1905 | Sewer    | Killed Pargi
  1906 | Sewer    | Reached skill level 5 in Fighting
  1906 | Sewer    | Reached XP level 6. HP: 37/56 MP: 6/6
  2332 | D:2      | Found a shadowy altar of Dithmenos.
  2570 | D:4      | Found a hide-covered altar of Uskayaw.
  2760 | D:4      | Reached skill level 5 in Axes
  2825 | D:4      | Noticed a water moccasin
  2842 | D:4      | Killed a water moccasin
  2843 | D:4      | Reached skill level 5 in Armour
  2843 | D:4      | Reached skill level 5 in Shields
  2843 | D:4      | Reached XP level 7. HP: 59/61 MP: 7/7
  3173 | D:5      | Entered Level 5 of the Dungeon
  3193 | D:5      | Found an opulent altar of Gozag.
  3212 | D:5      | Became a worshipper of Gozag Ym Sagoz the Greedy
  3315 | D:5      | Found a shimmering blue altar of Sif Muna.
  3357 | D:5      | Reached skill level 6 in Axes
  3428 | D:5      | Found an iron altar of Okawaru.
  3752 | D:6      | Found a snail-covered altar of Cheibriados.
  3790 | D:6      | Reached XP level 8. HP: 71/71 MP: 8/8
  4019 | D:6      | Noticed Menkaure
  4025 | D:6      | Killed Menkaure
  4102 | D:6      | Found a sacrificial altar of Ru.
  4251 | D:6      | Found a staircase to the Ecumenical Temple.
  4277 | Temple   | Entered the Ecumenical Temple
  4456 | D:6      | Reached skill level 7 in Axes
  4619 | D:6      | Found a burning altar of Makhleb.
  5130 | D:7      | Reached XP level 9. HP: 59/77 MP: 9/9
  5141 | D:7      | Reached skill level 8 in Axes
  5278 | D:7      | Found a broken altar of Ashenzari.
  5279 | D:7      | Found a sparkling altar of Nemelex Xobeh.
  5279 | D:7      | Found an ancient bone altar of Kikubaaqudgha.
  5280 | D:7      | Found an ornate altar of the Wu Jian Council.
  5784 | D:7      | Found a runed translucent door.
  6513 | D:3      | Bought a glowing plate armour for 884 gold pieces
  6667 | D:7      | Found a roughly hewn altar of Beogh.
  6744 | D:8      | Reached skill level 9 in Axes
  7138 | D:8      | Noticed Psyche
  7142 | Abyss:1  | Cast into level 1 of the Abyss (Psyche)
  7144 | Abyss:1  | Found a corrupted altar of Lugonu.
  7191 | Abyss:1  | Noticed a large abomination
  7198 | Abyss:1  | Killed a large abomination
  7199 | Abyss:1  | Reached XP level 10. HP: 69/91 MP: 10/10
  7206 | Abyss:1  | Noticed a wretched star
  7348 | Abyss:1  | Noticed a tentacled starspawn
  7360 | Abyss:1  | Killed a tentacled starspawn
  7361 | Abyss:1  | Reached skill level 10 in Axes
  7369 | D:8      | Escaped the Abyss
  7373 | D:8      | Killed Psyche
  7699 | D:8      | Found a bloodstained altar of Trog.
  7747 | D:8      | Reached skill level 10 in Fighting
  7819 | D:8      | Noticed Joseph
  7832 | D:8      | Killed Joseph
  7844 | D:8      | Noticed a kobold demonologist
  7861 | D:8      | Killed a kobold demonologist
  8038 | D:9      | Noticed a purple ugly thing
  8054 | D:9      | Killed a purple ugly thing
  8055 | D:9      | Reached skill level 11 in Axes
  8055 | D:9      | Reached XP level 11. HP: 101/101 MP: 11/11
  8122 | D:9      | Found a glowing silver altar of Zin.
  8303 | D:9      | Noticed a boulder beetle
  8309 | D:9      | Noticed a deep elf pyromancer
  8513 | D:9      | Found a white marble altar of Elyvilon.
  8536 | D:9      | Noticed a two-headed ogre
  8549 | D:9      | Killed a two-headed ogre
  8607 | D:8      | Reached skill level 10 in Armour
  8607 | D:8      | Reached skill level 10 in Shields
  8740 | D:9      | Killed a deep elf pyromancer
  8842 | D:9      | Noticed a deep elf pyromancer
  8850 | D:9      | Killed a deep elf pyromancer
  8942 | D:9      | Killed a boulder beetle
  9059 | D:9      | Found a basalt altar of Yredelemnul.
  9215 | D:9      | Reached skill level 12 in Axes
  9227 | D:9      | Noticed a quicksilver ooze
  9238 | D:9      | Killed a quicksilver ooze
  9724 | D:10     | Entered Level 10 of the Dungeon
  9757 | D:10     | Found a shimmering altar of Xom.
  9926 | D:10     | Identified the +2 war axe of Ambiguity {antimagic, rPois
                  | rN++ Int+3}
 10596 | D:11     | Noticed a two-headed ogre
 10616 | D:11     | Killed a two-headed ogre
 10617 | D:11     | Reached XP level 12. HP: 83/112 MP: 4/12
 10622 | D:11     | Noticed a two-headed ogre
 10850 | D:11     | Killed a two-headed ogre
 10976 | D:11     | Noticed Grum
 10997 | D:11     | Killed Grum
 11030 | D:11     | Reached skill level 13 in Axes
 11240 | D:11     | Noticed a death yak
 11243 | D:11     | Found a staircase to the Lair.
 11243 | D:11     | Noticed a death yak
 11244 | D:11     | Noticed a death yak
 11299 | D:10     | Killed a death yak
 11437 | D:10     | Killed a death yak
 11596 | D:11     | Killed a death yak
 12022 | D:11     | Noticed a two-headed ogre
 12033 | D:11     | Killed a two-headed ogre
 12358 | Lair:1   | Entered Level 1 of the Lair of Beasts
 12582 | Lair:1   | Noticed Maggie
 12601 | Lair:1   | Killed Maggie
 12735 | Lair:1   | Reached skill level 14 in Axes
 12840 | Lair:1   | Noticed a death yak
 12841 | Lair:1   | Noticed a death yak
 12841 | Lair:1   | Noticed a death yak
 12856 | Lair:1   | Noticed a death yak
 12861 | Lair:1   | Noticed a death yak
 12913 | D:11     | Killed a death yak
 12922 | D:11     | Killed a death yak
 12923 | D:11     | Reached XP level 13. HP: 51/122 MP: 4/13
 14724 | Lair:2   | Found a staircase to the Swamp.
 15341 | Lair:3   | Found a hole to the Spider Nest.
 15684 | D:3      | Bought a pair of runed boots for 255 gold pieces
 15684 | D:3      | Bought a pair of runed gloves for 255 gold pieces
 15923 | Lair:2   | Reached skill level 15 in Axes
 16459 | Lair:3   | Identified the ring of the Swan {rPois rC- rN+++ rCorr
                  | EV+5}
 18386 | Lair:4   | Reached XP level 14. HP: 127/133 MP: 14/14
 18680 | Lair:4   | Found a viscous altar of Jiyva.
 18681 | Lair:4   | Found a staircase to the Slime Pits.
 18782 | Lair:5   | Entered Level 5 of the Lair of Beasts
 18944 | Lair:4   | Reached skill level 16 in Axes
 19167 | Lair:5   | Reached skill level 15 in Fighting
 19341 | Lair:5   | a four-headed hydra changed into a broodmother
 19341 | Lair:5   | Noticed a broodmother
 19350 | Lair:5   | Killed a broodmother
 20778 | Lair:5   | Identified a scroll of acquirement
 20781 | Lair:5   | Acquired the +1 pair of gloves "Ugeer" {Will+ Str+3 Int+3
                  | Stlth-}
 22130 | D:12     | Noticed Maurice
 22185 | D:11     | Killed Maurice
 22429 | D:11     | Reached skill level 17 in Axes
 22452 | D:11     | Reached XP level 15. HP: 137/143 MP: 15/15
 22576 | D:12     | Found a staircase to the Orcish Mines.
 23349 | D:13     | Noticed Rupert
 23350 | D:13     | Found a gate to the Vaults.
 23350 | D:13     | Noticed Urug
 23544 | D:12     | Killed Rupert
 23600 | D:12     | Reached skill level 15 in Armour
 23633 | D:13     | Reached skill level 15 in Shields
 24254 | D:14     | Found a shadowy altar of Dithmenos.
 24582 | D:14     | Found a stormy altar of Qazlal.
 25333 | D:15     | Entered Level 15 of the Dungeon
 25447 | D:15     | Reached skill level 18 in Axes
 25961 | D:15     | Killed Urug
 26589 | D:15     | Reached XP level 16. HP: 146/155 MP: 16/16
 26914 | D:15     | Found a staircase to the Depths.
 27804 | Orc:1    | Entered Level 1 of the Orcish Mines
 27852 | Orc:2    | Entered Level 2 of the Orcish Mines
 27929 | Orc:2    | Found a staircase to the Elven Halls.
 29460 | Orc:2    | Found Quadd's Antique Armour Emporium.
 29461 | Orc:2    | Found Ruoliag's Antique Weapon Emporium.
 29462 | Orc:2    | Found Caynikes's General Store.
 29462 | Orc:2    | Found Xogonnoj's Jewellery Shoppe.
 29466 | Orc:2    | Bought a potion of curing for 42 gold pieces
 29466 | Orc:2    | Bought a potion of curing for 42 gold pieces
 29466 | Orc:2    | Bought a potion of curing for 42 gold pieces
 29466 | Orc:2    | Bought a potion of haste for 140 gold pieces
 29610 | Orc:1    | Found Targhaukk's Book Shoppe.
 29790 | Orc:1    | Found a roughly hewn altar of Beogh.
 31497 | Swamp:1  | Entered Level 1 of the Swamp
 31885 | Swamp:1  | Noticed Roxanne
 31999 | Lair:2   | Bought a runed plate armour for 1014 gold pieces
 32076 | Swamp:1  | Noticed Nikola
 32097 | Swamp:1  | Killed Nikola
 32109 | Swamp:1  | Killed by an exploding bloated husk

Illustrated notes

Levels and vault maps discovered:
D:1:      beargit_arrival_greenhouse, layout_basic,
          shapermc_ecumenical_altar_gd, minmay_heptomino_o4
D:2:      layout_rooms, basic_altar, minmay_misc_feat_cross,
          serial_bayou_pond_c, uniq_terence, uniq_natasha
D:3:      layout_rooms, serial_shops, nicolae_shop_waterfront,
          portal_sewer_entry_a
D:4:      layout_basic, nicolae_uskayaw_dance_hall, serial_bayou,
          serial_bayou_pond_e, serial_bayou_lake_a, serial_bayou_crossing,
          serial_bayou_pond_d
D:5:      layout_basic, grunt_gozag_breadcrumbs, lemuel_doored_altar,
          mainiacjoe_overflow_small_starburst
D:6:      layout_loops_cross, nicolae_ru_awakened_eye, makhleb_grotto_becter,
          kennysheep_slug_shrine, minmay_temple_entry_nine_rooms,
          serial_co_window_serial, co_window_corner_a, co_window_paths_b,
          co_window_paths_b, co_window_paths_b, co_window_corner_a,
          co_window_paths_a, co_window_paths_a, co_window_paths_a,
          co_window_of_opportunity_a, co_window_corner_b, co_window_paths_c,
          co_window_2corner, glass_columns_b, glass_columns_b, glass_columns_a,
          glass_columns_a, glass_columns_a, minivault_23, uniq_menkaure
D:7:      layout_basic, chequers_temple_overflow_statue_of_worship,
          lightli_church_of_beogh
D:8:      layout_loops_ring, mainiacjoe_overflow_chevrons, special_room
          [special_room_kobold], uniq_joseph, uniq_psyche
D:9:      layout_irregular_city, mainiacjoe_overflow_six_doors_small,
          kennysheep_ying_yang, minmay_pinched_square
D:10:     layout_long_grid, general_overflow_altar
D:11:     layout_stronghold, dpeg_lair_monsters, the_hattery, uniq_grum
D:12:     layout_basic, serial_glass, glass_columns_a, glass_columns_a,
          uniq_maurice
D:13:     layout_roguey, david_vaults_3
D:14:     gargoyle_guard, layout_loops_ring, nicolae_qazlal_general_emergency,
          nicolae_dithmenos_shadow_blocks
D:15:     hangedman_depths_entry_try_elsewhere_first, layout_loops_ring
Temple:   nicolae_temple_stand_before_the_council
Lair:1:   layout_regular_city, evilmike_ambush [evilmike_ambush_outer_basic,
          evilmike_ambush_inner_pond], lemuel_fruit_tree,
          infiniplex_staircase_pool_2, serial_bayou_shore_a, uniq_maggie
Lair:2:   layout_loops_ring, minmay_swamp_entry_reptiles, nicolae_lair_lindhole,
          grunt_megastairs_3, lemuel_fruit_fields
Lair:3:   layout_gridlike, dummy_spider_entry, minmay_shattered_shrine
Lair:4:   layout_gridlike, dpeg_slime_entry_corner, nicolae_lair_liquid_snakes
Lair:5:   hangedman_lair_in_review, layout_small_grid, infiniplex_staircase_pool
Swamp:1:  layout_basic_swamp, gammafunk_ghost_berserking_beasts,
          nicolae_swamp_feature_on_the_river_bank, nicolae_swamp_no_escape,
          uniq_donald, uniq_nikola, uniq_roxanne, uniq_jorgrun
Orc:1:    layout_caves, serial_shops, nicolae_shop_waterfront, basic_altar
Orc:2:    st_orc_congregation, layout_caves

Skill      XL: |  1  2  3  4  5  6  7  8  9 10 11 12 13 14 15 16 |
---------------+-------------------------------------------------+-----
Axes           | 3 4 5 6 7 9 11 12 14 15 17 18 | 18.9
Fighting       | 4 5 6 7 9 10 12 13 14 15 17 | 17.7
Armour         | 4 5 6 8 9 11 12 13 14 15 16 | 16.3
Shields        | 4 5 6 8 9 11 12 13 14 15 16 | 16.3

Action                     |  1- 3 |  4- 6 |  7- 9 | 10-12 | 13-15 | 16-18 || total
---------------------------+-------+-------+-------+-------+-------+-------++-------
  Melee: War axe           |    63 |   143 |   316 |   676 |   170 |       ||  1368
         Broad axe         |       |       |       |       |  1231 |   442 ||  1673
  Throw: Javelin           |       |       |    15 |       |    13 |       ||    28
         Throwing net      |       |       |       |       |     2 |       ||     2
 Invoke: Potion Petition   |       |       |       |       |     1 |     2 ||     3
         Call Merchant     |       |       |       |       |       |     1 ||     1
  Evoke: Wand              |       |       |     1 |     4 |    27 |     9 ||    41
         Box of beasts     |       |       |       |       |     4 |     1 ||     5
         Phantom mirror    |       |       |       |       |     1 |     1 ||     2
    Use: Scroll            |       |     7 |     8 |    11 |    15 |     5 ||    46
         Potion            |       |       |     8 |     6 |    13 |     4 ||    31
   Stab: Distracted        |       |       |     2 |     3 |     3 |     3 ||    11
         Invisible         |       |       |       |     4 |     6 |     1 ||    11
         Petrified         |       |       |       |       |     2 |       ||     2
         Paralysed         |       |       |       |       |     1 |       ||     1
 Armour: Scale mail        |    32 |     3 |       |       |       |       ||    35
         Plate armour      |       |   118 |   232 |   316 |   882 |   256 ||  1804
         Skin              |       |       |       |    15 |     4 |       ||    19
  Dodge: Dodged            |    32 |    49 |   115 |   302 |   672 |   184 ||  1354
  Block: Buckler           |    20 |    39 |    92 |   160 |   464 |   143 ||   918

Table legend: (Time is in decaauts)
 A = Elapsed time spent in this place.
 B = Non-inter-level travel time spent in this place.
 C = Inter-level travel time spent in this place.
 D = Time resting spent in this place.
 E = Time spent auto-exploring this place.
 F = Levels seen in this place.
 G = Mean time per level.
                   A        B        C        D        E       F      G
               +--------+--------+--------+--------+--------+-----+--------+
         Total |  31955 |  29014 |   2941 |   8604 |  13918 |  26 | 1229.0 |
       Dungeon |  19891 |  17944 |   1947 |   5122 |   8963 |  15 | 1326.1 |
        Temple |     23 |     14 |      9 |      0 |     11 |   1 |   23.0 |
          Lair |   9356 |   8515 |    841 |   2807 |   3894 |   5 | 1871.2 |
         Swamp |    180 |    180 |      0 |      1 |     26 |   1 |  180.0 |
  Orcish Mines |   2068 |   1926 |    142 |    557 |    910 |   2 | 1034.0 |
         Abyss |    214 |    214 |      0 |      0 |     99 |   1 |  214.0 |
         Sewer |    220 |    220 |      0 |    117 |     14 |   1 |  220.0 |
               +--------+--------+--------+--------+--------+-----+--------+

Top non-repeatable levels by time:
    D:11: 2862 daAuts
  Lair:5: 2853 daAuts
  Lair:4: 2084 daAuts
  Lair:2: 1876 daAuts
     D:7: 1864 daAuts
    D:12: 1676 daAuts
    D:15: 1573 daAuts
  Lair:3: 1539 daAuts
     D:9: 1535 daAuts
     D:8: 1454 daAuts
    D:10: 1415 daAuts
    D:14: 1405 daAuts
     D:1: 1274 daAuts
    D:13: 1132 daAuts
     D:6: 1092 daAuts
